 Dungeon Crawl Stone Soup version 0.23.2-1-ga50397a (webtiles) character file.

Game seed: 17626614047433746924

4774 Fortress the Covered (level 10, -1/80 HPs)
             Began as a Demonspawn Abyssal Knight on June 3, 2019.
             Was an Elder of Lugonu.
             Slain by a two-headed ogre
             ... wielding a +0 giant club
              (11 damage)
             ... on level 9 of the Dungeon.
             The game lasted 00:57:00 (10206 turns).

Fortress the Covered (Demonspawn Abyssal Knight)   Turns: 10206, Time: 00:57:00

Health: -1/80      AC: 15    Str: 16    XL:     10   Next: 23%
Magic:  0/12       EV: 12    Int: 13    God:    Lugonu [****..]
Gold:   525        SH:  0    Dex: 13    Spells: 9/9 levels left

rFire    + . .     SeeInvis .   D - +0 flail (protect)
rCold    . . .     Gourm    .   (no shield)
rNeg     . . .     Faith    .   p - +0 scale mail
rPois    .         Spirit   +   (helmet restricted)
rElec    .         Reflect  .   e - scarf {Spirit}
rCorr    .         Harm     .   (no gloves)
MR       .....                  (no boots)
Stlth    ..........             g - amulet of guardian spirit
HPRegen  0.23/turn              l - +1 ring of slaying
MPRegen  0.13/turn              s - ring of protection from fire

@: protection aura
A: antennae 2, repulsion field 2, powered by death 2, spiny 1
a: Depart the Abyss, Bend Space, Banish, Corrupt, Renounce Religion


You were on level 9 of the Dungeon.
You worshipped Lugonu.
Lugonu was greatly pleased with you.
You were not hungry.

You visited 2 branches of the dungeon, and saw 10 of its levels.
You visited the Abyss 1 time.
You also visited: Sewer.

You collected 525 gold pieces.

Inventory:

Hand Weapons
 a - a +1 hand axe
 f - a +1 blowgun
 D - a +0 flail of protection (weapon)
 E - a +4 hand axe of freezing
 M - a cursed -1 whip
 N - a +2 shortbow of freezing
Missiles
 i - 61 poisoned needles
 q - 5 needles of confusion
 G - 95 bolts
 O - 58 arrows
Armour
 e - a scarf of spirit shield (worn)
 p - a +0 scale mail (worn)
 F - +0 steam dragon scales
Jewellery
 g - an amulet of guardian spirit (around neck)
 l - a +1 ring of slaying (left hand)
 s - a ring of protection from fire (right hand)
 w - an uncursed ring of flight
 C - a -2 ring of intelligence
 H - an uncursed ring of magical power
 L - a cursed -2 ring of intelligence
Wands
 u - a wand of random effects (32)
 v - a wand of flame (22)
 y - a wand of iceblast (7)
 J - a wand of enslavement (11)
Scrolls
 m - a scroll of enchant weapon
 n - 6 scrolls of remove curse
 B - a scroll of enchant armour {unknown}
 I - 2 scrolls of identify
 K - a scroll of vulnerability {unknown}
Potions
 b - a potion of resistance {unknown}
 d - 11 potions of curing
 h - a potion of haste
 j - a potion of brilliance
 k - a potion of flight {unknown}
 o - 4 potions of agility
 r - a potion of berserk rage {unknown}
 t - a potion of mutation {unknown}
 x - a potion of cancellation {unknown}
 z - 3 potions of heal wounds
 A - a potion of might
Comestibles
 c - 11 rations


   Skills:
 + Level 7.6 Fighting
 - Level 6.9(8.2) Axes
 + Level 6.6(8.0) Maces & Flails
 + Level 7.8 Armour
 - Level 0.8 Dodging
 + Level 3.1 Invocations


You had 9 spell levels left.
You didn't know any spells.
Your spell library was empty.

Dungeon Overview and Level Annotations

Branches:
Dungeon (9/15)             Temple (1/1) D:4
   Lair: D:8-11         Orc: D:9-12

Altars:
Ashenzari
Cheibriados
Dithmenos
Elyvilon
Fedhas
Gozag
Hepliaklqana
Makhleb
Nemelex Xobeh
Okawaru
Qazlal
Ru
Sif Muna
Trog
Uskayaw
Vehumet
Wu Jian
Xom
Yredelemnul
Zin
The Shining One

Shops:
D:4 *([%   D:6 *(   D:9 (


Innate Abilities, Weirdness & Mutations

You have a pair of antennae on your head.
You are surrounded by a moderate repulsion field. (EV +3)
You regenerate health from kills.
You are partially covered in sharp spines.


Message History

The two-headed ogre is severely wounded.
The two-headed ogre hits you with a +0 giant club.
The two-headed ogre misses you.
Your scale mail prevents you from hitting the two-headed ogre.
The two-headed ogre is severely wounded.
You hit the two-headed ogre.
The two-headed ogre is almost dead.
The two-headed ogre hits you with a +0 giant club!!
* * * LOW HITPOINT WARNING * * *
The two-headed ogre misses you.
You completely miss the two-headed ogre.
The two-headed ogre is severely wounded.
The two-headed ogre hits you with a +0 giant club!
* * * LOW HITPOINT WARNING * * *
The two-headed ogre hits you but does no damage.
You barely miss the two-headed ogre.
The two-headed ogre is severely wounded.
The two-headed ogre closely misses you.
The two-headed ogre hits you with a +0 giant spiked club!
You die...

#...# ..... #...# .....
#########...#######.....
........................
#####...#'#######......
#...#.......#......
#...#.......#......
#.O.#.....†.'......
+######"@.#########......
..................§......
........................#
........................#
........................#
############............#
..........### ....#####.#
#### #.#


You could see a two-headed ogre.

Vanquished Creatures
  A two-headed ogre (D:9)
  A troll (D:9)
  A hornet (D:8)
  A hippogriff (D:7)
  A spriggan (D:9)
  A steam dragon (D:9)
  Menkaure (D:7)
  An orc warrior (D:6)
  A black bear (D:7)
  2 ice beasts
  4 sky beasts
  A phantom (D:7)
  6 ogres
  A necrophage (D:5)
  2 centaurs
  6 big kobolds
  A bullfrog (D:6)
  2 scorpions
  5 wights (D:9)
  2 howler monkeys
  A quasit (D:8)
  A jelly (D:6)
  An orc priest (D:8)
  A gnoll shaman (D:7)
  A bullfrog skeleton (D:5)
  2 hounds
  4 orc wizards
  An iguana (D:5)
  2 worker ants
  2 worker ant zombies
  5 gnolls (D:7)
  10 adders
  A shadow imp (D:7)
  3 oozes
  An adder skeleton (D:7)
  8 worms
  3 dart slugs
  4 leopard geckos
  26 orcs
  2 bats (Sewer)
  3 giant cockroaches
  2 goblins
  7 hobgoblins
  14 jackals
  40 kobolds
  3 quokkas
  2 ball pythons
  A ball python skeleton (D:4)
  6 frilled lizards
  A jackal skeleton (D:6)
  A leopard gecko zombie (D:7)
  2 quokka skeletons
  12 rats
214 creatures vanquished.

Notes
Turn   | Place    | Note
-------+----------+-------------------------------------------
     0 | Abyss:1  | Fortress the Demonspawn Abyssal Knight began the quest for
                  | the Orb.
     0 | Abyss:1  | Reached XP level 1. HP: 18/18 MP: 2/2
     0 | D:1      | Escaped the Abyss
    20 | D:1      | Reached * piety under Lugonu
   264 | D:1      | Gained mutation: You are surrounded by a mild repulsion
                  | field. (EV +2) [demonic ancestry]
   264 | D:1      | Reached XP level 2. HP: 16/24 MP: 3/3
   592 | D:1      | Gained mutation: You regenerate a little health from kills.
                  | [demonic ancestry]
   592 | D:1      | Reached XP level 3. HP: 30/30 MP: 5/5
  1378 | D:2      | Reached ** piety under Lugonu
  1713 | D:2      | Gained mutation: You regenerate health from kills. [demonic
                  | ancestry]
  1713 | D:2      | Reached XP level 4. HP: 6/37 MP: 6/6
  2866 | D:4      | Gained mutation: You are partially covered in sharp spines.
                  | [demonic ancestry]
  2866 | D:4      | Reached XP level 5. HP: 30/42 MP: 4/7
  2880 | D:4      | Found a staircase to the Ecumenical Temple.
  2891 | Temple   | Entered the Ecumenical Temple
  3044 | D:4      | Noticed an ogre
  3198 | D:4      | Found Yxamn's Antique Armour Shoppe.
  3333 | D:4      | Found Beifreac's Weapon Shop.
  3475 | D:4      | Found Uquot's Assorted Antiques.
  3702 | D:4      | Found Tarix's Food Shoppe.
  3784 | D:4      | Killed an ogre
  3784 | D:4      | Gained mutation: You are surrounded by a moderate repulsion
                  | field. (EV +3) [demonic ancestry]
  3784 | D:4      | Reached XP level 6. HP: 14/49 MP: 2/8
  4255 | D:5      | Entered Level 5 of the Dungeon
  4281 | D:5      | Noticed an ice beast
  4331 | D:4      | Killed an ice beast
  4620 | D:5      | Noticed a sky beast
  4649 | D:5      | Killed a sky beast
  4812 | D:5      | Gained mutation: You have a pair of small antennae on your
                  | head. [demonic ancestry]
  4812 | D:5      | Reached XP level 7. HP: 49/55 MP: 7/9
  4883 | D:5      | Reached skill level 5 in Axes
  4899 | D:5      | Reached *** piety under Lugonu
  5073 | D:5      | Reached skill level 5 in Fighting
  5752 | D:6      | Reached skill level 5 in Armour
  5752 | D:6      | Reached XP level 8. HP: 23/60 MP: 4/10
  5794 | D:6      | Found Zemu's Assorted Antiques.
  6044 | D:6      | Found an iron altar of Okawaru.
  6182 | D:6      | Found a glowing drain.
  6202 | Sewer    | Entered a sewer
  6312 | Sewer    | Reached **** piety under Lugonu
  6596 | D:6      | Found Foeghid's Weapon Boutique.
  7026 | D:7      | Reached skill level 1 in Maces & Flails
  7354 | D:7      | Gained mutation: You have a pair of antennae on your head.
                  | [demonic ancestry]
  7354 | D:7      | Reached XP level 9. HP: 67/67 MP: 11/11
  7387 | D:7      | Noticed Menkaure
  7392 | D:7      | Killed Menkaure
  7668 | D:7      | Found a hide-covered altar of Uskayaw.
  8920 | D:8      | Reached skill level 5 in Maces & Flails
  9433 | D:9      | Found Nes Yckyi's Weapon Boutique.
  9470 | D:9      | Noticed a troll
  9488 | D:9      | Killed a troll
  9801 | D:9      | Found a snail-covered altar of Cheibriados.
  9803 | D:9      | Found an ornate altar of the Wu Jian Council.
  9814 | D:9      | Reached XP level 10. HP: 78/79 MP: 12/12
  9822 | D:9      | Found a shimmering altar of Xom.
  9951 | D:9      | Found an opulent altar of Gozag.
  9952 | D:9      | Found a sparkling altar of Nemelex Xobeh.
 10084 | D:9      | Noticed a two-headed ogre
 10104 | D:9      | Killed a two-headed ogre
 10192 | D:9      | Noticed a two-headed ogre
 10206 | D:9      | Slain by a two-headed ogre

Skill      XL: |  1  2  3  4  5  6  7  8  9 |
---------------+----------------------------+-----
Armour         | 2 3 4 5 6 7 |  7.8
Axes           | 2 3 4 5 6 |  6.9
Fighting       | 4 5 6 7 |  7.6
Invocations    | 3 |  3.1
Maces & Flails | 1 6 |  6.6
Dodging        | |  0.8

Action                   |  1- 3 |  4- 6 |  7- 9 | 10-12 || total
-------------------------+-------+-------+-------+-------++-------
Melee: Hand axe          |   120 |   172 |   149 |       ||   441
       Flail             |       |       |   212 |    36 ||   248
Invok: Depart the Abyss  |     1 |       |       |       ||     1
       Bend Space        |       |     1 |       |       ||     1
  Use: Scroll            |       |    10 |     6 |       ||    16
       Potion            |       |     1 |     3 |       ||     4
 Stab: Sleeping          |     1 |       |       |       ||     1
  Eat: Chunk             |     3 |     3 |     1 |     1 ||     8
       Ration            |       |     2 |     4 |     1 ||     7
Armor: Ring mail         |    25 |    11 |       |       ||    36
       Scale mail        |       |    36 |   172 |    14 ||   222
Dodge: Dodged            |    81 |    98 |   221 |    24 ||   424
